Map: Void Training Stage 2

Players

Piroxiljin - Winner!

  • Race: Terran Terran
  • Spawn Location: 3:00

Player 2

  • Race: Protoss Protoss
  • Spawn Location: 7:00

VOD

Have the link to the VOD?

Description

Time

  • Played on: Jan. 12, 2019, 8:56 a.m.
  • Length: 22:06
Show
View Real Time Build Order
Export as new Build Order

Piroxiljin Terran - Winner!

Build Orders:  

Get SALT Encoding   

  12  0:03  SCV  
  13  0:18  SCV  
  14  0:24  Supply Depot  
  14  0:30  SCV  
  15  0:46  SCV  
  16  0:57  Barracks  
  16  0:58  SCV  
  16  1:26  SCV  
  17  1:36  Supply Depot  
  17  1:44  Barracks  
  17  1:45  SCV  
  18  1:55  Refinery  
  18  1:58  Orbital Command  
  18  2:00  Marine  
  19  2:29  Marine  
  19  2:32  SCV  
  21  2:44  SCV  
  22  2:56  SCV  
  23  2:59  Marine x2  
  25  3:16  SCV, Factory, Marine  
  27  3:20  Refinery  
  27  3:28  SCV  
  27  3:31  Barracks Tech Lab  
  28  3:40  SCV  
  29  3:58  Barracks Reactor  
  29  4:01  SCV  
  30  4:04  Marine  
  31  4:21  SCV  
  31  4:22  Supply Depot  
  30  4:43  SCV  
  30  4:44  Marauder, Hellion  
  35  4:51  Supply Depot  
  35  4:53  Reaper x2  
  35  4:59  SCV  
  38  5:05  Combat Shield  
  38  5:11  SCV  
  38  5:13  Marauder  
  41  5:20  Factory Tech Lab  
  41  5:25  Reaper, Marine  
  43  5:34  Marauder  
  45  5:36  Supply Depot  
  43  5:59  Supply Depot  
  43  6:03  Siege Tank  
  41  6:24  Infernal Pre-Igniter  
  41  6:28  Marine x3  
  44  6:35  Siege Tank  
  47  6:44  Command Center  
  47  6:46  Reaper x2  
  49  7:02  Marine  
  50  7:08  Command Center  
  50  7:10  Siege Tank  
  53  7:18  Reaper  
  53  7:21  Marauder  
  56  7:59  Supply Depot  
  56  8:05  Marine x2  
  58  8:06  Reaper  
  59  8:23  Reaper  
  60  8:31  Ghost Academy  
  60  8:38  SCV, Marauder  
  60  8:39  SCV  
  64  8:50  Refinery  
  64  8:51  SCV  
  65  9:00  Marauder  
  65  9:01  Engineering Bay  
  67  9:05  Stimpack  
  67  9:08  Widow Mine  
  69  9:17  Orbital Command  
  69  9:24  SCV  
  70  9:29  Widow Mine  
  72  9:36  SCV  
  73  9:50  Hellion  
  75  9:54  SCV  
  75  9:58  Refinery  
  76  10:06  SCV  
  77  10:18  SCV  
  78  10:51  Barracks  
  75  11:19  Personal Cloaking  
  75  11:37  Missile Turret  
  75  11:49  Marine  
  75  11:50  Marine  
  75  11:51  Ghost  
  79  11:58  Missile Turret  
  79  12:01  Supply Depot  
  79  12:07  Supply Depot  
  79  12:08  Reaper  
  80  12:12  Supply Depot x2  
  80  12:13  Supply Depot  
  80  12:26  Missile Turret  
  80  12:39  Marine  
  80  12:40  Reaper x2  
  83  12:45  Cyclone  
  83  12:49  Missile Turret  
  86  12:57  Terran Infantry Weapons Level 1, Marine  
  87  13:12  Marauder  
  89  13:16  Missile Turret  
  89  13:17  Cyclone  
  92  13:41  Missile Turret  
  92  13:49  Cyclone  
  92  13:50  Marine x2  
  92  13:51  Reaper  
  92  13:52  Command Center  
  98  13:59  Barracks Reactor  
  98  14:08  Reaper x2  
  100  14:22  Siege Tank  
  100  14:23  Supply Depot, Marauder  
  105  14:25  Supply Depot  
  105  14:26  Supply Depot  
  105  14:27  Supply Depot  
  98  15:41  Refinery  
  98  15:49  SCV x2  
  100  15:59  SCV  
  101  16:10  Refinery  
  101  16:16  Siege Tank  
  104  16:43  Supply Depot  
  104  17:07  Armory  
  87  18:10  Marauder  
  89  18:13  Marine x3  
  92  18:20  Thor  
  98  18:32  Marauder  
  100  18:38  Terran Vehicle Weapons Level 1  
  100  18:53  Marauder  
  102  18:56  Mag-Field Accelerator  
  102  18:57  Supply Depot  
  102  19:03  Thor  
  108  19:11  Armory  
  108  19:14  Concussive Shells  
  108  19:19  Nuke  
  108  19:20  Supply Depot  
  108  19:22  Marine x2  
  110  19:27  Planetary Fortress  
  110  19:40  Marine  
  110  19:43  Supply Depot  
  111  19:46  Thor  
  113  20:29  Hellbat  
  111  20:52  SCV  
  112  21:04  SCV  
  113  21:21  Thor  
Show
View Real Time Build Order
Export as new Build Order

Player 2 Protoss 

Build Orders:  

Get SALT Encoding   

  12  0:00  Probe  
  13  0:13  Probe  
  14  0:22  Pylon  
  14  0:25  Probe  
  15  0:36  Probe  
  16  0:45  Assimilator  
  16  0:52  Gateway  
  16  0:55  Pylon  
  16  1:20  Assimilator  
  16  1:31  Zealot  
  16  1:40  Cybernetics Core  
  18  1:50  Probe  
  19  2:03  Probe, Pylon  
  20  2:11  Probe  
  20  2:14  Adept  
  20  2:20  Probe  
  23  2:25  Warp Gate  
  24  2:32  Probe  
  25  2:44  Stalker, Probe  
  28  3:11  Adept  
  30  5:31  Probe  
  30  5:33  Zealot  
  30  5:35  Pylon  
  33  5:50  Probe  
  33  5:55  Robotics Facility  
  33  5:56  Stalker  
  36  5:59  Pylon  
  36  6:02  Probe  
  37  6:10  Probe  
  30  6:19  Stalker  
  32  6:42  Sentry  
  32  6:43  Observer  
  35  6:52  Nexus  
  35  7:01  Observer  
  35  7:05  Stalker  
  38  7:27  Zealot  
  39  7:51  Adept  
  41  8:05  Probe  
  42  8:08  Probe  
  43  8:13  Assimilator  
  43  8:14  Assimilator  
  43  8:16  Probe  
  43  8:17  Probe  
  44  8:26  Probe  
  45  8:29  Probe  
  47  8:38  Probe  
  48  8:41  Probe  
  49  8:50  Probe  
  49  8:54  Probe  
  51  8:59  Probe  
  51  9:06  Probe  
  51  9:07  Probe  
  53  9:16  Probe  
  54  9:18  Probe  
  56  9:27  Probe  
  56  9:30  Probe  
  58  9:37  Probe  
  58  9:42  Probe  
  60  9:49  Probe  
  61  10:21  Observer  
  62  10:29  Gateway  
  62  10:32  Immortal, Twilight Council  
  62  10:35  Forge  
  62  10:37  Robotics Bay  
  52  10:58  Pylon  
  52  10:59  Stalker  
  54  11:07  Protoss Ground Weapons Level 1  
  54  11:15  Templar Archives  
  54  11:22  Stalker  
  56  11:25  Gravitic Boosters  
  56  11:33  Gateway  
  56  11:43  Zealot  
  58  12:03  High Templar  
  60  12:24  Sentry  
  62  12:36  Protoss Ground Armor Level 1  
  62  12:45  High Templar  
  64  13:06  Archon  
  64  13:11  Observer  
  64  13:16  Nexus  
  64  14:30  Probe  
  65  14:31  Probe  
  65  14:36  Protoss Ground Weapons Level 2  
  67  14:38  Probe  
  67  14:42  Probe, Zealot  
  67  14:43  Probe  
  70  14:52  Assimilator  
  71  14:54  Stalker  
  73  15:06  Stalker  
  67  15:08  Assimilator  
  59  15:16  Observer  
  59  15:17  Sentry  
  61  15:29  Stalker  
  63  15:40  Stalker  
  65  15:52  Zealot  
  67  16:03  Sentry  
  69  16:15  High Templar  
  71  16:26  High Templar  
  73  16:35  Protoss Ground Armor Level 2  
  73  16:43  Archon, High Templar  
  75  16:54  High Templar  
  77  17:11  Archon  
  77  17:12  High Templar  
  77  17:15  Pylon  
  79  17:24  High Templar  
  81  17:48  Stalker  
  67  18:00  Sentry  
  49  18:08  Probe  
  49  18:09  Pylon  
  49  18:12  Probe, Sentry  
  33  18:20  Probe  
  33  18:23  High Templar, Probe  
  37  18:31  Probe  
  37  18:32  Probe  
  38  18:35  High Templar  
  41  18:43  Adept, Probe  
  41  18:44  Probe  
  45  18:53  Archon  
  45  18:55  Adept  
  47  18:56  Probe  
  47  18:57  Probe  
  48  19:04  Adept  
  48  19:09  Probe x2  
  52  19:12  High Templar  
  54  19:21  Probe x2, Zealot  
  58  19:29  Stalker  
  60  19:33  Probe  
  60  19:36  Probe  
  61  19:39  Stalker  
  63  19:47  Zealot  
  65  20:12  Nexus  
  65  20:27  Adept  
  44  20:36  Adept  
  44  20:40  Probe  
  42  20:44  Zealot  
  42  20:48  Observer  
  44  20:53  Zealot  
  42  21:02  Stalker  
  44  21:10  Sentry  
  43  21:19  Adept  
  45  21:27  Stalker  
  46  21:35  Probe  
  46  21:36  Stalker  
  34  21:43  Probe x2  
  34  21:45  Adept  
  22  21:52  Probe  
  22  21:53  Adept  
  22  22:02  Zealot  
Tags
 
Add a new tag
Caveats
  • Supply blocks, unpowered buildings, or Contaminate may cause inaccurate times.
  • Supply counts are checked every 10 seconds.